 Dungeon Crawl Stone Soup version 0.30-a0-341-g682706514a (webtiles) character file.

Game seed: 17997106646303846473

1796 Shayle the Sneak (level 9, -12/82 HPs)
             Began as a Naga Reaver on Nov 1, 2022.
             Was a Follower of Ashenzari.
             Mangled by an orc warrior
             ... wielding a +0 battleaxe
              (15 damage)
             ... in a bailey on Nov 2, 2022.
             The game lasted 00:17:18 (7095 turns).

Shayle the Sneak (Naga Reaver)                      Turns: 7095, Time: 00:17:19

Health: -12/82     AC: 13    Str: 15    XL:     9   Next: 9%
Magic:  13/13      EV: 10    Int: 20    God:    Ashenzari [*.....]
Gold:   399        SH:  0    Dex: 15    Spells: 3/13 levels left

rFire   . . .      SeeInvis +    s - +4 quarterstaff of Anxiety {drain, Int+2}
rCold   . . .      Faith    .    (shield currently unavailable)
rNeg    . . .      Spirit   .    p - +2 ring mail {Will+}
rPois   +          Reflect  .    (no helmet)
rElec   .          Harm     .    (no cloak)
rCorr   .          Rampage  .    k - +1 pair of gloves
Will    ++...                    (no barding)
Stlth   +++.......               g - amulet "Per Aspera Ad Scientiam" {RegenMP, Bglg, Self} (curse)
HPRegen 0.33/turn                f - +6 ring of dexterity
MPRegen 0.53/turn                r - ring "Cryptic Loss" {AC+4, Comp, Alch} (curse)

@: short of breath, invisible, very slow
A: AC +3, large, see invisible, deformed body, poison resistance, slowness 2,
spit poison 1, naga tail 1
a: Spit Poison, Renounce Religion, Shatter the Chains


You were in a bailey.
You worshipped Ashenzari.
Ashenzari was aware of your devotion.
You visited 2 branches of the dungeon, and saw 8 of its levels.
You also visited: Bailey.

You collected 399 gold pieces.

Inventory:

Hand Weapons
 m - a +3 mace of draining
 s - the +4 quarterstaff of Anxiety (weapon) {drain, Int+2}
   (You found it on level 6 of the Dungeon)

   A truly terrible weapon, it drains the life of any living foe it strikes.
   Int:       It affects your intelligence (+2).
Missiles
 j - 2 throwing nets
Armour
 b - a +0 leather armour
 k - a +1 pair of gloves (worn)
 p - a +2 ring mail of willpower (worn)
Jewellery
 f - a +6 ring of dexterity (left hand)
 g - the cursed amulet "Per Aspera Ad Scientiam" (around neck) {RegenMP, Bglg, Self}
   (You took it off a kobold on level 2 of the Dungeon)

   [amulet of magic regeneration]

   It increases your rate of magic regeneration.
   It has a curse which improves the following skills: Beguiling: Conjurations,
   Hexes and Translocations.
   Introspection: Fighting and Spellcasting.
 r - the cursed ring "Cryptic Loss" (right hand) {AC+4, Comp, Alch}
   (You found it on level 4 of the Dungeon)

   [ring of protection]

   AC:        It affects your AC (+4).
   It has a curse which improves the following skills: Companions: Summonings
   and Necromancy.
   Alchemy:   Poison Magic and Transmutations.
Wands
 t - a wand of polymorph (7)
 v - a wand of flame (1)
Scrolls
 c - 2 scrolls of blinking
 l - 2 scrolls of teleportation
 n - 3 scrolls of fog
 u - a scroll of amnesia
Potions
 a - a potion of lignification
 d - 3 potions of degeneration
 h - a potion of curing
 i - a potion of brilliance
 o - a potion of haste
 q - a potion of ambrosia


   Skills:
 + Level 5.0(5.8) Fighting
 + Level 5.5 Maces & Flails
 + Level 4.1 Dodging
 - Level 6.9 Stealth
 + Level 2.1(2.8) Spellcasting
 + Level 5.3(6.1) Conjurations
 + Level 0.6(1.1) Transmutations
 + Level 4.2 Ice Magic
 + Level 0.6 Earth Magic
 + Level 0.8(1.3) Poison Magic


You had 3 spell levels left.
You knew the following spells:

 Your Spells              Type           Power      Damage    Failure   Level
a - Kiss of Death         Conj/Necr      60%        2d10      8%          1
b - Hailstorm             Conj/Ice       23%        3d7       11%         3
c - Iron Shot             Conj/Erth      8%         9d3       100%        6

Your spell library contained the following spells:

 Spells                   Type           Power      Damage    Failure   Level
 Momentum Strike          Conj/Tloc      30%        3d8       12%         2
 Sting                    Tmut/Pois      28%        1d4       19%         1
 Ensorcelled Hibernation  Hex/Ice        22%        N/A       19%         2
 Summon Small Mammal      Summ           12%        N/A       28%         1
 Poisonous Vapours        Pois/Air       10%        N/A       32%         2
 Spider Form              Tmut/Pois      7%         N/A       47%         3
 Call Canine Familiar     Summ           3%         N/A       63%         3
 Summon Guardian Golem    Hex/Summ       3%         N/A       63%         3
 Iskenderun's Battlesphe  Conj           27%        2d8       54%         5
 Olgreb's Toxic Radiance  Pois           8%         N/A       86%         4
 Anguish                  Hex/Necr       1%         N/A       95%         4
 Spellforged Servitor     Conj/Summ      7%         N/A       100%        7


Dungeon Overview and Level Annotations

Branches:
Dungeon (7/15)             Temple (1/1) D:5          Bailey (1/1)

Altars:
Ashenzari
Cheibriados
Dithmenos
Elyvilon
Fedhas
Gozag
Hepliaklqana
Kikubaaqudgha
Makhleb
Nemelex Xobeh
Okawaru
Qazlal
Ru
Sif Muna
Trog
Uskayaw
Vehumet
Wu Jian
Xom
Yredelemnul
Zin
The Shining One

Shops:
D:6 [


Innate Abilities, Weirdness & Mutations

Your serpentine skin is tough. (AC +3)
You have supernaturally acute eyesight. (SInv)
Armour fits poorly on your strangely shaped body.
Your system is resistant to poisons. (rPois)
You cover ground very slowly.
You can spit poison.
You have a snake-like lower body.


Message History

The orc warrior barely misses you.
You hit the orc warrior. You drain the orc warrior.
The orc warrior is severely wounded.
The orc warrior barely misses you.
The orc warrior hits you with a +0 battleaxe.
The orc warrior hits you but does no damage.
You thump the orc warrior!
The orc warrior is almost dead.
The orc warrior closely misses you.
The orc warrior hits you with a +0 hand axe.
You hit the orc warrior.
You kill the orc warrior!
You hear a splash. x2
The orc warrior hits you with a +0 battleaxe!
Your Fighting skill increases to level 5!
You hit the orc warrior.
The orc warrior is heavily wounded.
The orc warrior hits you with a +0 battleaxe!
* * * LOW HITPOINT WARNING * * *
The orc warrior closely misses you.
You fade into invisibility!
The orc warrior hits you but does no damage.
You hit the orc warrior.
The orc warrior is heavily wounded.
The orc warrior completely misses you.
You hit the orc warrior but do no damage.
You drain the orc warrior.
The orc warrior is heavily wounded.
The orc warrior hits you with a +0 battleaxe!
* * * LOW HITPOINT WARNING * * *
You thump the orc warrior!
The orc warrior is severely wounded.
The orc warrior hits you with a +0 battleaxe!
* * * LOW HITPOINT WARNING * * *
Aiming: Spit Poison (1% risk of failure)
Press: ? - help, Shift-Dir - straight line, f - orc warrior
Aim: an orc warrior, wielding a +0 battleaxe and wearing a +0 scale mail (severely wounded, unable to see you, lightly drained, 55% to hit)
The splash of poison misses the orc warrior.
The orc warrior hits you with a +0 battleaxe!
You die...

#≈≈≈ #≈≈≈≈ #≈≈≈≈≈
#≈≈≈≈≈ #≈≈≈≈≈#
#≈≈≈≈≈### #≈≈≈≈≈~@#
######.≈≈≈≈)o#
#......≈≈≈≈~)#
###......≈≈≈≈~.#
#..............'...o.#
#∩..∩..........'..⌠.o#
#..............'...o.#
###......≈≈≈≈~.#.....#
#......≈≈≈≈~.#++####


You could see an orc warrior (unable to see you, drained).

Vanquished Creatures
  A water moccasin (D:5)
  An orc warrior (Bailey)
  A sky beast (D:6)
  An ice beast (D:5)
  2 black bears
  3 ogres
  A bullfrog (D:6)
  2 scorpions (D:4)
  2 orc priests (D:3)
  4 hounds
  3 jellies
  7 iguanas
  6 orc wizards
  3 gnolls
  8 adders
  A shadow imp (D:6)
  A white imp (D:7)
  4 worms
  8 orcs
  6 ball pythons
  6 endoplasms
  A giant cockroach (D:1)
  5 goblins
  6 hobgoblins
  4 kobolds
  A quokka (D:3)
  2 bats
  2 frilled lizards (D:1)
  3 rats
95 creatures vanquished.

Notes
Turn   | Place    | Note
-------+----------+-------------------------------------------
     0 | D:1      | Shayle the Naga Reaver began the quest for the Orb.
     0 | D:1      | Reached XP level 1. HP: 19/19 MP: 3/3
   197 | D:1      | Reached skill level 1 in Stealth
   222 | D:1      | Reached XP level 2. HP: 20/26 MP: 5/5
   802 | D:2      | Reached XP level 3. HP: 33/33 MP: 6/6
   810 | D:2      | Learned a level 3 spell: Hailstorm
  1080 | D:2      | Found a hazy altar of Hepliaklqana.
  1462 | D:3      | Reached skill level 2 in Stealth
  1583 | D:2      | Reached XP level 4. HP: 22/40 MP: 7/7
  1839 | D:3      | Reached skill level 1 in Ice Magic
  2058 | D:3      | Reached skill level 3 in Stealth
  2058 | D:3      | Reached XP level 5. HP: 48/48 MP: 8/8
  2388 | D:3      | Found a faded altar of an unknown god.
  2525 | D:3      | Found a large runed translucent door.
  2643 | D:3      | Found a large runed translucent door.
  2844 | D:3      | Found a sacrificial altar of Ru.
  2854 | D:3      | Found a snail-covered altar of Cheibriados.
  3037 | D:4      | Reached XP level 6. HP: 53/56 MP: 9/9
  3222 | D:4      | Reached skill level 4 in Stealth
  4055 | D:5      | Entered Level 5 of the Dungeon
  4169 | D:5      | Found a staircase to the Ecumenical Temple.
  4178 | Temple   | Entered the Ecumenical Temple
  4585 | Temple   | Became a worshipper of Ashenzari the Shackled
  4639 | D:5      | Noticed a water moccasin
  4652 | D:5      | Killed a water moccasin
  4653 | D:5      | Reached XP level 7. HP: 59/62 MP: 10/10
  4795 | D:5      | Reached skill level 5 in Stealth
  4919 | D:5      | Reached XP level 8. HP: 25/72 MP: 7/11
  5342 | D:5      | Identified the +0 robe of the First Demons {Harm rPois}
  5469 | D:5      | Noticed a two-headed ogre
  5537 | D:6      | Reached skill level 6 in Stealth
  5542 | D:6      | Reached skill level 5 in Maces & Flails
  5666 | D:6      | Identified the +4 quarterstaff of Anxiety {drain, Int+2}
  5857 | D:6      | Reached skill level 5 in Conjurations
  6060 | D:6      | Found Maugil's Armour Shoppe.
  6238 | D:6      | Learned a level 6 spell: Iron Shot
  6320 | D:6      | Reached * piety under Ashenzari
  6548 | D:6      | Reached XP level 9. HP: 73/82 MP: 12/12
  6751 | D:7      | Found a flagged portal.
  6942 | Bailey   | Entered a bailey
  7090 | Bailey   | Reached skill level 5 in Fighting
  7094 | Bailey   | HP: 3/82 [orc warrior/+0 battleaxe (8)]
  7095 | Bailey   | Mangled by an orc warrior

Illustrated notes

Levels and vault maps discovered:
D:1:      dpeg_arrival_tiny_g, layout_loops_cross
D:2:      layout_basic, basic_altar
D:3:      layout_basic, jmf_multi_god_temple2,
          hellmonk_ecumenical_altar_inner_sanctum, serial_park_tiny_1,
          corexii_item_surrounded_by_moat, grunt_ministairs_6
D:4:      layout_basic
D:5:      layout_cave_pools, minmay_temple_entry_antechambers
D:6:      layout_basic, serial_shops, nicolae_shop_advertising_works
          [nicolae_subvault_shop_adworks]
D:7:      layout_rooms, serial_shops, kennysheep_mini, enter_bailey_8,
          grunt_decor_fettered, minmay_misc_feat_x, uniq_joseph
Temple:   mainiacjoe_temple_big_plus
Bailey:   bailey_axe_of_yendor_kennysheep, bailey

Skill      XL: |  1  2  3  4  5  6  7  8  9 |
---------------+----------------------------+-----
Stealth        | 1 2 3 4 5 6 |  6.9
Dodging        | 2 3 4 |  4.1
Ice Magic      | 1 2 3 4 |  4.2
Fighting       | 3 4 5 |  5.0
Maces & Flails | 4 5 |  5.5
Conjurations   | 4 5 |  5.3
Spellcasting   | |  2.1
Transmutations | |  0.6
Earth Magic    | |  0.6
Poison Magic   | |  0.8

Action                   |  1- 3 |  4- 6 |  7- 9 || total
-------------------------+-------+-------+-------++-------
Melee: Mace              |    74 |    94 |    74 ||   242
       Punch             |     1 |     1 |     1 ||     3
       Quarterstaff      |       |       |    82 ||    82
 Cast: Hailstorm         |       |       |     7 ||     7
Invok: Curse Item        |       |       |     2 ||     2
 Abil: Spit Poison       |    10 |    20 |     8 ||    38
  Use: Scroll            |     4 |     2 |     6 ||    12
       Potion            |       |       |     1 ||     1
 Stab: Sleeping          |     1 |     6 |     4 ||    11
Armor: Leather armour    |    19 |    30 |    42 ||    91
       Ring mail         |       |       |    19 ||    19
Dodge: Dodged            |    51 |    51 |    75 ||   177

Table legend: (Time is in decaauts)
 A = Elapsed time spent in this place.
 B = Non-inter-level travel time spent in this place.
 C = Inter-level travel time spent in this place.
 D = Time resting spent in this place.
 E = Time spent auto-exploring this place.
 F = Levels seen in this place.
 G = Mean time per level.
                   A        B        C        D        E       F      G
               +--------+--------+--------+--------+--------+-----+--------+
         Total |   9134 |   8662 |    472 |    853 |   6116 |   9 | 1014.9 |
       Dungeon |   8355 |   7936 |    419 |    753 |   5584 |   7 | 1193.6 |
        Temple |    615 |    563 |     52 |      0 |    532 |   1 |  615.0 |
        Bailey |    164 |    164 |      0 |    100 |      0 |   1 |  164.0 |
               +--------+--------+--------+--------+--------+-----+--------+

Top non-repeatable levels by time:
     D:6: 1616 daAuts
     D:4: 1580 daAuts
     D:2: 1429 daAuts
     D:3: 1328 daAuts
     D:5: 1196 daAuts
     D:1: 940 daAuts
  Temple: 615 daAuts
     D:7: 262 daAuts
  Bailey: 164 daAuts
